Workbook
Name _DER2006: #REF!
Name _DER2007: #REF!
Name d: [1]proposta!#REF!
Name NCOMPOSICOES: 23
Name tabelaDER2006: #REF!
Name teste: #REF!
Name VIAPLAN: #REF!

Sheet OB_TOTAL
A7: PLANILHA ORÇAMENTO BASE - VALORES MÁXIMOS
A8: Obra: BASE PARA RESERVATÓRIOS (RAP) - ESTRADA MUNICIPAL, S/Nº BOA VISTA, PIÊN-PR
A9: BDI: 20,34% - já incormporado aos preços unitários (ver composição do BDI)
A10: ENCARGOS SOCIAIS SEM DESONERAÇÃO
A11: Tabela de referência: SINAPI-NOV_22 / CURITIBA-ABR_22 / ORSE SE-NOV_22
A13: ITEM | B13: DESCRIÇÃO DO ITEM | C13: UNID | D13: QTDE | E13: TOTAL UNIT | F13: TOTAL UNIT | G13: R$ UNIT | H13: R$ UNIT | I13: TOTAL | J13: (%) | K13: FONTE REFERÊNCIA | L13: CÓDIGO REFERÊNCIA | M13: COMPLEMENTAÇÃO DA DESCRIÇÃO | N13: OBSERVAÇÕES
F14: 44105 | G14: 44317
A15: 1 | B15: SERVIÇOS PRELIMINARES | I15: =SUM(I16:I18) -> 5805.98 | J15: =I15/$I$39 -> 0.1461
A16: 1.1 | B16: PLACA DE OBRA EM CHAPA GALVANIZADA, INCLUSIVE ESTRUTURA DE MADEIRA | C16: m2 | D16: 2.88 | E16: 436.42 | F16: 436.42 | G16: =F16*1.1143 -> 486.3 | H16: 488.83 | I16: =ROUND(H16*D16,2) -> 1407.83 | J16: =I16/$I$39 -> 0.0354 | K16: CURITIBA | L16: ICO-001 | N16: Colocada em local a ser definido pela fiscalização | P16: 406.21 | Q16: =P16*1.2034 -> 488.83311
A17: 1.2 | B17: LIMPEZA MANUAL DE VEGETAÇÃO EM TERRENO COM ENXADA. AF_05/2018 | C17: m2 | D17: 331.47 | E17: 3.58 | F17: 3.58 | G17: 3.03 | H17: 4.39 | I17: =ROUND(H17*D17,2) -> 1455.15 | J17: =I17/$I$39 -> 0.0366 | K17: SINAPI | L17: 98524 | P17: 3.65 | Q17: =P17*1.2034 -> 4.39241
A18: 1.3 | B18: LOCAÇÃO CONVENCIONAL DE OBRA, UTILIZANDO GABARITO DE TÁBUAS CORRIDAS PONTALETADAS A CADA 2,00M - 2 UTILIZAÇÕES. AF_10/2018 | C18: m | D18: 36.5 | F18: 0 | H18: 80.63 | I18: =ROUND(H18*D18,2) -> 2943 | J18: =I18/$I$39 -> 0.0741 | K18: SINAPI | L18: 99059 | P18: 67 | Q18: =P18*1.2034 -> 80.6278
A19: 2 | B19: FUNDAÇÃO | E19: 1.67 | F19: 1.67 | G19: 2.67 | I19: =SUM(I20:I26) -> 12735.67 | J19: =I19/$I$39 -> 0.3205
A20: 2.1 | B20: COMPACTAÇÃO MECÂNICA DE SOLO PARA EXECUÇÃO DE RADIER, PISO DE CONCRETO OU LAJE SOBRE SOLO, COM COMPACTADOR DE SOLOS A PERCUSSÃO. AF_09/2021 | C20: m2 | D20: 28.83 | F20: 0 | G20: 1.57 | H20: 4.62 | I20: =ROUND(H20*D20,2) -> 133.19 | J20: =I20/$I$39 -> 0.0034 | K20: SINAPI | L20: 97083 | P20: 3.84 | Q20: =P20*1.2034 -> 4.621056
A21: 2.2 | B21: FABRICAÇÃO, MONTAGEM E DESMONTAGEM DE FORMA PARA RADIER, PISO DE CONCRETO OU LAJE SOBRE SOLO, EM MADEIRA SERRADA, 4 UTILIZAÇÕES. AF_09/2021 | C21: m2 | D21: 5.58 | F21: 0 | G21: 1.57 | H21: 183.3 | I21: =ROUND(H21*D21,2) -> 1022.81 | J21: =I21/$I$39 -> 0.0257 | K21: SINAPI | L21: 97086 | P21: 152.32 | Q21: =P21*1.2034 -> 183.30189
A22: 2.3 | B22: LASTRO COM MATERIAL GRANULAR, APLICADO EM PISOS OU LAJES SOBRE SOLO, ESPESSURA DE *5CM*. AF_08/2017 | C22: m3 | D22: 1.44 | F22: 0 | G22: 1.57 | H22: 141.57 | I22: =ROUND(H22*D22,2) -> 203.86 | J22: =I22/$I$39 -> 0.0051 | K22: SINAPI | L22: 96622 | P22: 117.64 | Q22: =P22*1.2034 -> 141.56798
A23: 2.4 | B23: CORTE E DOBRA DE AÇO CA-50, DIÂMETRO DE 8,00MM. AF_06/2022 | C23: Kg | D23: 517.4 | F23: 0 | G23: 1.57 | H23: 12.77 | I23: =ROUND(H23*D23,2) -> 6607.2 | J23: =I23/$I$39 -> 0.1662 | K23: SINAPI | L23: 92802 | P23: 10.61 | Q23: =P23*1.2034 -> 12.768074
A24: 2.5 | B24: CONCRETO FCK = 25MPA, TRAÇO 1:2,3:2,7 (EM MASSA SECA DE CIMENTO/AREIA MÉDIA/BRITA 1) - PREPARO MECÂNICO COM BETONEIRA 400L. AF_05/2021 | C24: m3 | D24: 4.81 | F24: 0 | G24: 1.57 | H24: 524.48 | I24: =ROUND(H24*D24,2) -> 2522.75 | J24: =I24/$I$39 -> 0.0635 | K24: SINAPI | L24: 94965 | P24: 435.83 | Q24: =P24*1.2034 -> 524.47782
A25: 2.6 | B25: LANÇAMENTO COM USO DE BALDES, ADENSAMENTO E ACABAMENTO DE CONCRETO EM ESTRUTURAS. AF_02/2022 | C25: m3 | D25: 4.81 | F25: 0 | G25: 1.57 | H25: 413.79 | I25: =ROUND(H25*D25,2) -> 1990.33 | J25: =I25/$I$39 -> 0.0501 | K25: SINAPI | L25: 103670 | P25: 343.85 | Q25: =P25*1.2034 -> 413.78909
A26: 2.7 | B26: FORNECIMENTO E ESPALHAMENTO DE AREIA | C26: m3 | D26: 1.1 | F26: 0 | G26: 1.57 | H26: 232.3 | I26: =ROUND(H26*D26,2) -> 255.53 | J26: =I26/$I$39 -> 0.0064 | K26: CURITIBA | L26: OBR-032 | P26: 193.04 | Q26: =P26*1.2034 -> 232.30434
A27: 3 | B27: DRENAGEM | F27: 0 | I27: =SUM(I28:I29) -> 3435.97 | J27: =I27/$I$39 -> 0.0865
A28: 3.1 | B28: CAIXA ENTERRADA HIDRÁULICA RETANGULAR EM ALVENARIA COM TIJOLOS CERÂMICOS MACIÇOS, DIMENSÕES INTERNAS: 0,4X0,4X0,4 M PARA REDE DE DRENAGEM. AF_12/2020 | C28: un | D28: 3 | E28: 43.75 | F28: 43.75 | G28: 39.74 | H28: 364.15 | I28: =ROUND(H28*D28,2) -> 1092.45 | J28: =I28/$I$39 -> 0.0275 | K28: SINAPI | L28: 99251 | P28: 302.6 | Q28: =P28*1.2034 -> 364.14884
A29: 3.2 | B29: TUBO DE CONCRETO PARA REDES COLETORAS DE ÁGUAS PLUVIAIS, DIÂMETRO DE 300MM, JUNTA RÍGIDA, INSTALADO EM LOCAL COM BAIXO NÍVEL DE INTERFERÊNCIAS - FORNECIMENTO E ASSENTAMENTO. AF_12/2015 | C29: m | D29: 16 | E29: 10.43 | F29: 10.43 | G29: 10.82 | H29: 146.47 | I29: =ROUND(H29*D29,2) -> 2343.52 | J29: =I29/$I$39 -> 0.059 | K29: SINAPI | L29: 95565 | P29: 121.71 | Q29: =P29*1.2034 -> 146.46581
A30: 4 | B30: CERCAS E CALÇADA EM CONCRETO | F30: 0 | I30: =SUM(I31:I36) -> 17583.3 | J30: =I30/$I$39 -> 0.4424
A31: 4.1 | B31: CERCA COM MOURÕES DE CONCRETO, RETO, H=2,30 M, ESPAÇAMENTO DE 2,5 M, CRAVADOS 0,5 M, COM 4 FIOS DE ARAME FARPADO Nº 14 CLASSE 250 - FORNECIMENTO E INSTALAÇÃO. AF_05/2020 | C31: m | D31: 77.6 | E31: 7.83 | F31: 7.83 | G31: 6.65 | H31: 82.59 | I31: =ROUND(H31*D31,2) -> 6408.98 | J31: =I31/$I$39 -> 0.1613 | K31: SINAPI | L31: 101192 | P31: 68.63 | Q31: =P31*1.2034 -> 82.589342
A32: 4.2 | B32: PORTÃO EM TUBO DE FERRO GALVANIZADO DE 2", DE ABRIR, DUAS FOLHAS, DE 2,00 X 2,00M, TELA MALHA REVESTIDA 76 X 76MM, Nº12, INCLUSIVE DOBRADIÇAS E TRANCAS/FERROLHO | C32: m2 | D32: 6.3 | E32: 39.57 | F32: 39.57 | G32: 34.62 | H32: 740.18 | I32: =ROUND(H32*D32,2) -> 4663.13 | J32: =I32/$I$39 -> 0.1173 | K32: ORSE SE | L32: 12953 | P32: 615.07 | Q32: =P32*1.2034 -> 740.17524
A33: 4.3 | B33: PINTURA COM TINTA ALQUÍDICA DE FUNDO (TIPO ZARCÃO) APLICADA A ROLO OU PINCEL SOBRE PERFIL METÁLICO EXECUTADO EM FÁBRICA (POR DEMÃO). AF_01/2020 | C33: m2 | D33: 6.3 | E33: 95.81 | F33: 95.81 | G33: 81.72 | H33: 13.84 | I33: =ROUND(H33*D33,2) -> 87.19 | J33: =I33/$I$39 -> 0.0022 | K33: SINAPI | L33: 100720 | P33: 11.5 | Q33: =P33*1.2034 -> 13.8391
A34: 4.4 | B34: PINTURA COM TINTA ALQUÍDICA DE FUNDO E ACABAMENTO (ESMALTE SINTÉTICO GRAFITE) PULVERIZADA SOBRE SUPERFÍCIES METÁLICAS (EXCETO PERFIL) EXECUTADO EM OBRA (POR DEMÃO). AF_01/2020 PE | C34: m2 | D34: 6.3 | E34: 95.81 | F34: 95.81 | G34: 81.72 | H34: 32.62 | I34: =ROUND(H34*D34,2) -> 205.51 | J34: =I34/$I$39 -> 0.0052 | K34: SINAPI | L34: 100725 | P34: 27.11 | Q34: =P34*1.2034 -> 32.624174
A35: 4.5 | B35: LASTRO COM MATERIAL GRANULAR, APLICADO EM PISOS OU LAJES SOBRE SOLO, ESPESSURA DE *5CM*. AF_08/2017 | C35: m3 | D35: 12.94 | E35: 95.81 | F35: 95.81 | G35: 81.72 | H35: 141.57 | I35: =ROUND(H35*D35,2) -> 1831.92 | J35: =I35/$I$39 -> 0.0461 | K35: SINAPI | L35: 96622 | P35: 117.64 | Q35: =P35*1.2034 -> 141.56798
A36: 4.6 | B36: EXECUÇÃO DE PASSEIO (CALÇADA) OU PISO DE CONCRETO COM CONCRETO MOLDADO IN LOCO, FEITO EM OBRA, ACABAMENTO CONVENCIONAL, ESPESSURA 8 CM, ARMADO. AF_08/2022 | C36: m2 | D36: 36.72 | E36: 95.81 | F36: 95.81 | G36: 81.72 | H36: 119.46 | I36: =ROUND(H36*D36,2) -> 4386.57 | J36: =I36/$I$39 -> 0.1104 | K36: SINAPI | L36: 94994 | P36: 99.27 | Q36: =P36*1.2034 -> 119.46152
A37: 5 | B37: LIMPEZA DA OBRA | E37: 101.77 | F37: 101.77 | G37: 102.29 | I37: =SUM(I38:I38) -> 181.76 | J37: =I37/$I$39 -> 0.0046
A38: 5.1 | B38: LIMPEZA DE CONTRAPISO COM VASSOURA A SECO. AF_04/2019 | C38: m2 | D38: 36.72 | E38: 79.9 | F38: 79.9 | G38: 73.28 | H38: 4.95 | I38: =ROUND(H38*D38,2) -> 181.76 | J38: =I38/$I$39 -> 0.0046 | K38: SINAPI | L38: 99811 | P38: 4.11 | Q38: =P38*1.2034 -> 4.945974
B39: TOTAL DO ORÇAMENTO | I39: =I27+I37+I30+I19+I15 -> 39742.68
B44: Piên, 20 de Dezembro 2022.

Sheet CRONOGRAMA PROPOSTO
L1: CRONOGRAMA FÍSICO-FINANCEIRO
A3: PLANILHA ORÇAMENTO BASE - VALORES MÁXIMOS
A4: Obra: BASE PARA RESERVATÓRIOS (RAP) - ESTRADA MUNICIPAL, S/Nº BOA VISTA, PIÊN-PR
A5: BDI: 20,34% - já incormporado aos preços unitários (ver composição do BDI)
A6: ENCARGOS SOCIAIS SEM DESONERAÇÃO
A7: Tabela de referência: SINAPI-NOV_22 / CURITIBA-ABR_22 / ORSE SE-NOV_22
A10: ITEM | B10: DESCRIÇÃO ETAPA | C10: Medição 01 | E10: Medição 02 | G10: Medição 03 | I10: Medição 04 | K10: FINAL
C11: FÍSICO (%) | D11: FINANC (R$) | E11: FÍSICO (%) | F11: FINANC (R$) | G11: FÍSICO (%) | H11: FINANC (R$) | I11: FÍSICO (%) | J11: FINANC (R$) | K11: FÍSICO (%) | L11: FINANC (R$)
A12: 1 | B12: SERVIÇOS PRELIMINARES | C12: 1 | D12: =C12*$L12 -> 5805.98 | F12: =E12*$L12 -> 0 | H12: =G12*$L12 -> 0 | J12: =I12*$L12 -> 0 | K12: =C12+E12+G12+I12 -> 1 | L12: =OB_TOTAL!I15 -> 5805.98
A13: 2 | B13: FUNDAÇÃO | C13: 0.3 | D13: =C13*$L13 -> 3820.7 | E13: 0.7 | F13: =E13*$L13 -> 8914.97 | H13: =G13*$L13 -> 0 | J13: =I13*$L13 -> 0 | K13: =C13+E13+G13+I13 -> 1 | L13: =OB_TOTAL!I19 -> 12735.67
A14: 3 | B14: DRENAGEM | C14: 0.4 | D14: =C14*$L14 -> 1374.39 | E14: 0.6 | F14: =E14*$L14 -> 2061.58 | H14: =G14*$L14 -> 0 | J14: =I14*$L14 -> 0 | K14: =C14+E14+G14+I14 -> 1 | L14: =OB_TOTAL!I27 -> 3435.97
A15: 4 | B15: CERCAS E CALÇADA EM CONCRETO | D15: =C15*$L15 -> 0 | F15: =E15*$L15 -> 0 | G15: 0.6 | H15: =G15*$L15 -> 10549.98 | I15: 0.4 | J15: =I15*$L15 -> 7033.32 | K15: =C15+E15+G15+I15 -> 1 | L15: =OB_TOTAL!I30 -> 17583.3
A16: 5 | B16: LIMPEZA DA OBRA | D16: =C16*$L16 -> 0 | F16: =E16*$L16 -> 0 | H16: =G16*$L16 -> 0 | I16: 1 | J16: =I16*$L16 -> 181.76 | K16: =C16+E16+G16+I16 -> 1 | L16: =OB_TOTAL!I37 -> 181.76
B17: TOTAL POR MEDIÇÃO | C17: =D17/$L$17 -> 0.2768 | D17: =SUM(D12:D16) -> 11001.07 | E17: =F17/$L$17 -> 0.2762 | F17: =SUM(F12:F16) -> 10976.55 | G17: =H17/$L$17 -> 0.2655 | H17: =SUM(H12:H16) -> 10549.98 | I17: =J17/$L$17 -> 0.1815 | J17: =SUM(J12:J16) -> 7215.08 | K17: =L17/$L$17 -> 1 | L17: =SUM(L12:L16) -> 39742.68
B18: TOTAL ACUMULADO POR MEDIÇÃO | C18: =C17 -> 0.2768 | D18: =D17 -> 11001.07 | E18: =F18/$L$17 -> 0.553 | F18: =D18+F17 -> 21977.62 | G18: =H18/$L$17 -> 0.8185 | H18: =F18+H17 -> 32527.6 | I18: =J18/$L$17 -> 1 | J18: =H18+J17 -> 39742.68
B21: Piên, 20 de Dezembro 2022.

Sheet BDI
B2: BDI ESTIMATIVO - SEM DESONERAÇÃO CONSTRUÇÃO E REFORMA DE EDIFÍCIOS
B4: ADMINISTRAÇÃO CENTRAL | C4: AC(*) | D4: 3.92
B5: ADMINISTRAÇÃO LOCAL | C5: AL(*) | D5: 0
B6: RISCOS | C6: R(*) | D6: 0.97
B7: SEGUROS E GARANTIAS | C7: SG(*) | D7: 0.8
B8: DESPESAS FINANCEIRAS | C8: DF(*) | D8: 0.59
B9: LUCRO | C9: L(*) | D9: 6.8
B10: TRIBUTOS (T) | C10: ISS | D10: 2
C11: PIS | D11: 0.65
C12: COFINS | D12: 3
C13: CPRB | D13: 0
B14: SUB-TOTAL | D14: =SUM(D10:D13) -> 5.65
B15: BDI | C15: % | D15: =(((((1+(D4+D5+D6+D7)/100)*(1+D8/100)*(1+D9/100))/(1-D14/100))-1)*100) -> 20.34
B16: BDI REDUZIDO - LIGANTES BETUMINOSOS | C16: % | D16: =D15-10 -> 10.34
B17: PERCENTUAL DE ISS = 5% X 40% = 2,00% (**)
B18: BDI = (((((1+(AC+AL+R+SG)/100)x(1+DF/100)x(1+L/100))/(1-T/100))-1)x100)
B19: (*) PERCENTUAIS MÉDIOS - EM CONFORMIDADE COM O ACÓRDÃO 2622/13-P TCU (**) % DA BASE DE CÁLCULO DO(S) MUNICIPIO(S) ABRANGIDO(S) PELA OBRA
B23: Adailton Rogério de Oliveira
B24: Engenheiro Civil - CREA PR 68.917/D
